 Dungeon Crawl Stone Soup version 0.19-a0-994-g3c636f0 (webtiles) character file.

11511 epen the Transmogrifier (level 11, -19/100 HPs)
             Began as a Red Draconian Transmuter on July 15, 2016.
             Was a Follower of Uskayaw.
             Demolished by a white ugly thing (24 damage)
             ... on level 11 of the Dungeon.
             The game lasted 00:26:06 (13810 turns).

epen the Transmogrifier (Red Draconian Transmuter) Turns: 13810, Time: 00:26:07

Health: -19/100    AC:  8    Str: 13    XL:     11   Next: 50%
Magic:  23/23      EV: 16    Int: 12    God:    Uskayaw [*.....]
Gold:   362        SH:  3    Dex: 15    Spells: 4 memorised, 12 levels left

rFire  + . .     SeeInvis .       - Unarmed
rCold  . . .     Gourm    .     (armour unavailable)
rNeg   . . .     Faith    .     (no shield)
rPois  .         Spirit   .     (helmet restricted)
rElec  .         Dismiss  .     S - +0 cloak
rCorr  .         Reflect  +     (no gloves)
SustAt .         Harm     .     (no boots)
MR     +....                    B - +3 amulet of reflection
Stlth  +.........               I - +3 ring of dexterity
                                A - ring of protection from magic

@: short of breath, somewhat resistant to hostile enchantments, very unstealthy
A: breathe fire, unfitting armour, hooves 1, horns 1, dopey 2, fire resistance
1, robust 1, wild magic 1, evolution 1, cold-blooded, AC +7
a: Breathe Fire, Stomp, Renounce Religion


You were on level 11 of the Dungeon.
You worshipped Uskayaw.
Uskayaw was noncommittal.
You were not hungry.

You visited 1 branch of the dungeon, and saw 11 of its levels.
You also visited: Ossuary.

You collected 522 gold pieces.
You spent 160 gold pieces at shops.

Inventory:

Missiles
 a - 307 arrows
 p - a throwing net (quivered)
Armour
 S - a +0 cloak (worn)
Jewellery
 v - an uncursed amulet of faith
 A - a ring of protection from magic (left hand)
 B - a +3 amulet of reflection (around neck)
 I - a +3 ring of dexterity (right hand)
Wands
 f - a wand of slowing (19/48)
 l - a wand of polymorph (21/24)
 m - a wand of digging (13/24)
 o - a wand of flame (21/48)
 z - a wand of disintegration (10/24)
 E - a wand of iceblast (7/15)
 F - a wand of paralysis (16/24)
 K - a wand of random effects (9/48)
 P - a wand of polymorph (8/24)
 T - a wand of disintegration (18/24)
Scrolls
 d - 7 scrolls of identify
 e - a scroll of enchant armour
 g - 3 scrolls of amnesia
 s - 5 scrolls of recharging
 y - 3 scrolls of random uselessness {unknown}
 D - 8 scrolls of magic mapping
 G - 5 scrolls of teleportation {unknown}
 J - a scroll of remove curse {unknown}
 L - 2 scrolls of fog
 M - 3 scrolls of blinking {unknown}
 R - 3 scrolls of enchant weapon
 V - a scroll of vulnerability {unknown}
Potions
 h - 2 potions of curing
 i - 2 potions of cure mutation
 q - a potion of flight
 r - 2 potions of haste {unknown}
 t - 3 potions of heal wounds
 w - 3 potions of might {unknown}
 x - 3 potions of invisibility {unknown}
 C - a potion of magic {unknown}
 H - a potion of beneficial mutation {unknown}
 N - a potion of berserk rage {unknown}
 O - a potion of agility {unknown}
 Q - 2 potions of brilliance {unknown}
Books
 b - a book of Changes

   Spells                             Type                      Level
   a - Beastly Appendage              Transmutation                1
   b - Sticks to Snakes               Transmutation                2
   c - Spider Form                    Transmutation/Poison         3
   d - Ice Form                       Ice/Transmutation            4
   e - Blade Hands                    Transmutation                5
 n - a book of the Tempests

   Spells                             Type                      Level
   a - Static Discharge               Conjuration/Air              3
   b - Lightning Bolt                 Conjuration/Air              5
   c - Fireball                       Conjuration/Fire             5
   d - Tornado                        Air                          9
   e - Shatter                        Earth                        9
Miscellaneous
 U - a lamp of fire
Comestibles
 c - 10 bread rations
 j - 5 beef jerkies
 k - 5 meat rations
 u - 13 chunks of flesh


   Skills:
 + Level 6.6 Fighting
 + Level 6.0 Dodging
 * Level 8.9 Unarmed Combat
 * Level 8.3 Spellcasting
 * Level 9.1 Transmutations
 * Level 7.0 Invocations


You had 12 spell levels left.
You knew the following spells:

 Your Spells              Type           Power        Failure   Level  Hunger
a - Blade Hands           Tmut           ####......   17%         5    #####..
b - Sticks to Snakes      Tmut           ####....     1%          2    None
c - Spider Form           Tmut/Pois      ###.......   14%         3    ##.....
d - Ice Form              Ice/Tmut       ###.....     32%         4    ####...


Dungeon Overview and Level Annotations

Branches:
Dungeon (11/15)            Temple (0/1) D:7            Lair (0/6) D:8
    Orc: D:9-12

Altars:
Ashenzari
Fedhas
Gozag
Hepliaklqana
Makhleb
Qazlal
Ru
Trog
Uskayaw
Xom
Yredelemnul
The Shining One

Shops:
D:6 =!?%


Innate Abilities, Weirdness & Mutations

You can breathe blasts of fire.
Your fiery red scales are hard. (AC +7)
Your body does not fit into most forms of armour.
Your flesh is heat resistant. (rF+)
You are cold-blooded and may be slowed by cold attacks.
You have large cloven feet.
You have a pair of small horns on your head.
You are very dopey. (Int -4)
You are robust. (+10% HP)
Your spells are a little harder to cast, but a little more powerful.
You evolve.


Message History

The white ugly thing gurgles horribly!
Found 26 stones.
There is an open door here.
The white ugly thing pecks you but does no damage.
Press: ? - help, Shift-Dir - straight line, f - white ugly thing
Aim: a white ugly thing You breathe a blast of fire.
The fiery breath misses the white ugly thing.
You feel somewhat more hungry.
The white ugly thing is engulfed in roaring flames.
The white ugly thing pecks you! The white ugly thing freezes you!!
You feel yourself slow down.
* * * LOW HITPOINT WARNING * * *
The white ugly thing is engulfed in roaring flames.
Your hands revert to their normal proportions.
You feel yourself speed up. The white ugly thing pecks you!
* * * LOW HITPOINT WARNING * * *
The white ugly thing freezes you!!
You die...

#...........##.......
#...........# .#.....
#...........# #.....
#...........# #.....
#...........# #.....
#...........+ #.....
#(..........# ######
###'#########
#.@##### ##.u.ยง.# #
#####'# # #.........#
####### #......u..#
.......
#..........#.......
#..........#.......
#..................
#.........#........


You could see a white ugly thing.

Vanquished Creatures
  A hydra (D:8)
  2 hill giants
  A manticore (D:11)
  Maurice (D:8)
  Psyche (D:8)
  A troll (D:11)
  3 two-headed ogres
  The ghost of Duffy the Shield-Bearer, an amateur FoFi (D:5)
  A spriggan (D:11)
  10 yaks
  2 hippogriffs (D:7)
  2 hell hounds (D:8)
  A wasp (D:11)
  5 sky beasts
  3 orc warriors
  An ice beast (D:9)
  2 eyes of draining
  A phantom (D:6)
  A necrophage (D:10)
  4 ogres
  11 centaurs
  A crocodile (D:11)
  3 big kobolds
  4 giant frogs
  5 scorpions
  16 killer bees
  3 howler monkeys
  A crimson imp (D:5)
  A giant frog zombie (D:4)
  A wasp zombie (D:10)
  8 hounds
  An orc priest (D:4)
  6 orc wizards
  A giant frog skeleton (D:9)
  2 jellies
  2 iguanas
  3 centaur skeletons
  8 worker ants
  A hound zombie (D:7)
  2 mummies (D:4)
  2 worker ant zombies
  2 howler monkey zombies
  9 gnolls
  2 howler monkey skeletons
  21 adders
  5 shadow imps
  An ooze (D:7)
  An adder zombie (D:8)
  3 worms
  A dart slug (D:4)
  6 giant geckos
  24 orcs
  2 bats
  5 giant cockroaches
  6 goblins
  10 hobgoblins
  6 jackals
  27 kobolds
  6 quokkas
  8 giant newts
  A hobgoblin zombie (Ossuary)
  A jackal zombie (D:3)
  A kobold zombie (Ossuary)
  2 quokka zombies
  5 rats
281 creatures vanquished.

Vanquished Creatures (collateral kills)
  An ogre (D:7)
  A scorpion (D:7)
  A gnoll shaman (D:4)
  A gnoll (D:4)
  An adder (D:7)
  An orc (D:7)
6 creatures vanquished.

Grand Total: 287 creatures vanquished

Notes
Turn   | Place    | Note
-------+----------+-------------------------------------------
     0 | D:1      | epen the Draconian Transmuter began the quest for the Orb.
     0 | D:1      | Reached XP level 1. HP: 16/16 MP: 3/3
   127 | D:1      | Reached XP level 2. HP: 11/23 MP: 5/5
   318 | D:1      | Learned a level 2 spell: Sticks to Snakes
  1530 | D:2      | Reached XP level 3. HP: 15/28 MP: 4/6
  1722 | D:2      | Learned a level 3 spell: Spider Form
  1847 | D:2      | Found a burning altar of Makhleb.
  2064 | D:2      | Reached XP level 4. HP: 30/36 MP: 3/8
  2729 | D:3      | Found an opulent altar of Gozag.
  2735 | D:3      | Reached skill level 3 in Transmutations
  2790 | D:3      | Found a sacrificial altar of Ru.
  2790 | D:3      | Found a hide-covered altar of Uskayaw.
  2791 | D:3      | Found a shattered altar of Ashenzari.
  2825 | D:3      | Became a worshipper of Uskayaw the Reveler
  2880 | D:3      | Reached * piety under Uskayaw
  2887 | D:3      | Reached ** piety under Uskayaw
  2890 | D:3      | Reached XP level 5. HP: 25/41 MP: 6/9
  3035 | D:3      | Found a hazy altar of Hepliaklqana.
  3184 | D:3      | Reached *** piety under Uskayaw
  3290 | D:3      | Learned a level 5 spell: Blade Hands
  3295 | D:3      | Gained mutation: You evolve. [potion of mutation]
  3295 | D:3      | Gained mutation: You have a pair of small horns on your head. [potion of mutation]
  3295 | D:3      | Gained mutation: You are dopey. (Int -2) [potion of mutation]
  3429 | D:4      | Reached XP level 6. HP: 23/48 MP: 5/11
  3695 | D:4      | Found a sand-covered staircase.
  3703 | Ossuary  | Entered an ossuary
  4339 | D:4      | Reached skill level 4 in Transmutations
  4844 | D:4      | Found a bloodstained altar of Trog.
  5313 | D:5      | Entered Level 5 of the Dungeon
  5345 | D:5      | Reached **** piety under Uskayaw
  5400 | D:4      | Your scales start taking on a fiery red colour.
  5400 | D:4      | Reached XP level 7. HP: 45/56 MP: 12/12
  5400 | D:4      | Gained mutation: Your flesh is heat resistant. (rF+) [Red Draconian growth]
  5518 | D:5      | Noticed Duffy's ghost (amateur FoFi)
  5532 | D:5      | Killed Duffy's ghost
  5532 | D:5      | Reached skill level 5 in Unarmed Combat
  5663 | D:5      | You fall through a shaft!
  5690 | D:6      | Reached skill level 5 in Transmutations
  5780 | D:6      | Found Omuasic's Distillery.
  5799 | D:6      | Bought a potion of curing for 30 gold pieces
  5799 | D:6      | Bought a potion of heal wounds for 50 gold pieces
  5799 | D:6      | Bought a potion of curing for 30 gold pieces
  5799 | D:6      | Bought a potion of heal wounds for 50 gold pieces
  5831 | D:6      | Found a basalt altar of Yredelemnul.
  5837 | D:6      | Found Syah's Food Boutique.
  5973 | D:6      | Learned a level 4 spell: Ice Form
  6184 | D:6      | Found a blossoming altar of Fedhas.
  6190 | D:6      | Found a stormy altar of Qazlal.
  6230 | D:6      | Reached XP level 8. HP: 54/63 MP: 13/15
  6355 | D:6      | Gained mutation: Your spells are a little harder to cast, but a little more powerful. [evolution]
  6420 | D:6      | Found Zarutwomn's Magic Scroll Shoppe.
  7012 | D:5      | You fall through a shaft for 3 floors!
  7012 | D:8      | Found a staircase to the Lair.
  7035 | D:8      | Reached skill level 5 in Spellcasting
  7486 | D:8      | Noticed a two-headed ogre
  7510 | D:7      | Found a staircase to the Ecumenical Temple.
  7644 | D:6      | Found Aquwahuv's Jewellery Shop.
  7658 | D:6      | Reached skill level 6 in Transmutations
  7678 | D:6      | Gained mutation: Your large and strong wings let you fly indefinitely. [mutagenic meat]
  8379 | D:7      | Found a shimmering altar of Xom.
  8386 | D:7      | Reached XP level 9. HP: 27/72 MP: 17/17
  8488 | D:7      | Lost mutation: Your large and strong wings let you fly indefinitely. [evolution]
  8724 | D:7      | Reached ***** piety under Uskayaw
  9551 | D:8      | Reached skill level 1 in Invocations
  9580 | D:8      | Reached skill level 7 in Transmutations
  9606 | D:8      | Noticed Maurice
  9645 | D:8      | Killed Maurice
  9645 | D:8      | Reached skill level 5 in Fighting
  9798 | D:8      | Noticed a six-headed hydra
  9884 | D:8      | Killed a six-headed hydra
 10106 | D:8      | Noticed Psyche
 10117 | D:8      | Killed Psyche
 10117 | D:8      | Reached XP level 10. HP: 63/81 MP: 13/20
 10887 | D:9      | Reached skill level 5 in Dodging
 11522 | D:9      | Gained mutation: You are very dopey. (Int -4) [potion of mutation]
 11522 | D:9      | Gained mutation: You are robust. (+10% HP) [potion of mutation]
 11522 | D:9      | Gained mutation: You have large cloven feet. [potion of mutation]
 11632 | D:10     | Entered Level 10 of the Dungeon
 11686 | D:10     | Noticed a hill giant
 11770 | D:9      | Killed a hill giant
 11770 | D:9      | Reached skill level 8 in Transmutations
 11904 | D:10     | Found a glowing golden altar of the Shining One.
 11991 | D:10     | Reached skill level 5 in Invocations
 12500 | D:10     | Noticed a hill giant
 12991 | D:10     | Killed a hill giant
 12991 | D:10     | Reached XP level 11. HP: 65/97 MP: 15/22
 13213 | D:11     | Reached ****** piety under Uskayaw
 13510 | D:11     | Reached skill level 9 in Transmutations
 13802 | D:11     | Noticed a white ugly thing
 13810 | D:11     | HP: 5/100 [white ugly thing (13)]
 13810 | D:11     | Demolished by a white ugly thing

Vault maps used:
D:1:      dpeg_arrival_simpleton_b
D:2:      bloody_makhleb
D:3:      lemuel_round_altar, gammafunk_temple_overflow_claw,
          grunt_gozag_statues
D:4:      lemuel_coloured_pillars_altar, first_bread,
          chequers_ossuary_entry_cave
D:6:      grunt_temple_overflow_forces_of_nature, old_standard_altar,
          serial_shops, shop_statue, shop, nicolae_shop_statue_plus, shop
D:7:      xom_teletrap_fun
D:8:      minmay_lair_entry_lava, uniq_psyche, uniq_maurice
D:10:     basic_altar
D:11:     hangedman_stone_soup
Ossuary:  ossuary_tomb_3

Skill      XL: |  1  2  3  4  5  6  7  8  9 10 11 |
---------------+----------------------------------+-----
Dodging        | 2 3 4 5 6 |  6.0
Spellcasting   | 3 4 5 6 7 8 |  8.3
Transmutations | 3 4 5 6 7 8 9 |  9.1
Fighting       | 2 3 4 5 6 |  6.6
Unarmed Combat | 4 5 6 7 8 |  8.9
Invocations    | 3 5 7 |  7.0

Action                   |  1- 3 |  4- 6 |  7- 9 | 10-12 || total
-------------------------+-------+-------+-------+-------++-------
Melee: Unarmed           |   172 |   248 |   302 |   487 ||  1209
       Tailslap          |    14 |    21 |    34 |    60 ||   129
       Punch             |     3 |     4 |     5 |    13 ||    25
       Headbutt          |     2 |    21 |    32 |    80 ||   135
       Kick              |       |       |       |    84 ||    84
 Cast: Beastly Appendage |     1 |       |       |       ||     1
       Spider Form       |     3 |    10 |    15 |     3 ||    31
       Sticks to Snakes  |       |     6 |    20 |     4 ||    30
       Blade Hands       |       |       |       |    12 ||    12
Invok: Stomp             |       |       |     2 |       ||     2
 Abil: Breathe Fire      |       |       |     9 |     8 ||    17
  Use: Scroll            |       |    11 |       |       ||    11
       Potion            |       |     2 |     3 |     3 ||     8
 Stab: Sleeping          |       |     1 |       |     2 ||     3
       Paralysed         |       |     4 |     6 |    24 ||    34
  Eat: Chunk             |     4 |    13 |    17 |    18 ||    52
       Pizza             |       |       |     1 |     1 ||     2
Armor: Skin              |    41 |    56 |    55 |   100 ||   252
Dodge: Dodged            |   114 |   143 |   232 |   354 ||   843
Block: Other             |       |       |       |    46 ||    46
       Reflection        |       |       |       |     2 ||     2
